 Dungeon Crawl Stone Soup version 0.28.0-43-g3370ac3207 (webtiles) character file.

Game seed: 2027933625936719379

73 mortz the Conjurer (level 4, -1/27 HPs)
             Began as an Octopode Conjurer on Mar 27, 2022.
             Slain by a jackal (2 damage)
             ... on level 4 of the Dungeon.
             The game lasted 00:07:44 (1919 turns).

mortz the Conjurer (Octopode Conjurer)              Turns: 1919, Time: 00:07:45

Health: -1/27      AC:  1    Str:  6    XL:     4   Next: 27%
Magic:  8/8        EV: 13    Int: 22    God:
Gold:   56         SH:  0    Dex: 10    Spells: 5/8 levels left

rFire   . . .      SeeInvis .   c - +0 dagger {short}
rCold   . . .      Faith    .   (no shield)
rNeg    . . .      Spirit   .   (helmet restricted)
rPois   .          Reflect  .   (no amulet)
rElec   .          Harm     .   (no ring)
rCorr   .          Rampage  .   (no ring)
Will    .....                   (no ring)
Stlth   +++.......              (no ring)
HPRegen 0.09/turn               (no ring)
MPRegen 0.11/turn               (no ring)
                                (no ring)
                                (no ring)

@: no status effects
A: almost no armour, amphibious, 8 rings, camouflage 1, gelatinous body 1,
(nimble swimmer 1), tentacles
a: no special abilities


You were on level 4 of the Dungeon.
You visited 1 branch of the dungeon, and saw 4 of its levels.

You collected 137 gold pieces.
You spent 81 gold pieces at shops.


Innate Abilities, Weirdness & Mutations

You cannot wear most types of armour.
You are amphibious.
You can wear up to eight rings at the same time.
Your skin changes colour to match your surroundings (Stealth+).
Your rubbery body absorbs attacks. (AC +1, EV +1)
((You are camouflaged when in or above water. (Stealth+)))
You have tentacles for arms and can constrict up to eight enemies at once.


   Skills:
 + Level 2.1 Dodging
 + Level 3.1 Stealth
 + Level 2.7 Spellcasting
 + Level 5.0 Conjurations


You had 5 spell levels left.
You knew the following spells:

 Your Spells              Type           Power      Damage    Failure   Level
a - Magic Dart            Conj           100%       1d8       1%          1
b - Searing Ray           Conj           50%        2d6       2%          2

Your spell library contained the following spells:

 Spells                   Type           Power      Damage    Failure   Level
 Dazzling Flash           Conj/Hex       28%        N/A       14%         3
 Call Imp                 Summ           3%         N/A       19%         2
 Mephitic Cloud           Conj/Pois/Air  10%        N/A       19%         3
 Fulminant Prism          Conj/Hex       7%         3d7       41%         4
 Iskenderun's Mystic Bla  Conj/Tloc      14%        2d5       41%         4
 Blade Hands              Tmut           1%         N/A       98%         5
 Iron Shot                Conj/Erth      7%         9d2       100%        6
 Animate Armour           Summ/Erth      Unusable   N/A       N/A         4

Inventory:

Hand Weapons
 c - a +0 dagger (weapon) {short}
   (You took it off a kobold on level 1 of the Dungeon)
Missiles
 a - 17 stones {throwing}
 h - 18 arrows
Scrolls
 b - 2 scrolls of teleportation {unknown}
 d - 3 scrolls of identify {unknown}
 e - a scroll of noise {unknown}
 i - a scroll of amnesia {unknown}
 k - a scroll of vulnerability {unknown}
 l - a scroll of enchant armour {unknown}
Potions
 f - a potion of brilliance {unknown}
 g - a potion of heal wounds {unknown}
 j - a potion of degeneration {unknown}

Dungeon Overview and Level Annotations

Branches:
Dungeon (4/15)
 Temple: D:4-7

Altars:

Shops:
D:2 *

Annotations:
D:3 Sigmund, Terence

#.. #..# ...# #S.....
...### ### #......
#...###.# ...... #......#
. ..... #......## ..##.#.
#..@S..(##
.......######...h$...###..
..........................
.#.##..#####.....<.......
#..# #.............
..........# #.............
.......##...#.........##..
..#.... ##.......>###.. #
# #.... #..K.#..## .#.


You could see a jackal and a ball python.


Message History

Sigmund the Dreaded comes into view.
He is wielding a +0 scythe.
Sigmund casts a spell at you. The puff of flame hits you! 😮 HP[-8]
You take 8 damage, and now have 18/27 hp.
MASSIVE DAMAGE!! (PAUSE) 😮 HP[+1] 😮 MP[+1] Sigmund mumbles some strange words.
Sigmund flickers and vanishes!
Deactivating autopickup; reactivate with Ctrl-A.
You open the door.
A jackal comes into view.
The jackal barks!
The jackal bites you.
A magic dart appears from out of thin air!
The magic dart hits you.
* * * LOW HITPOINT WARNING * * *
There is an open door here. 😨 HP[-7]
You take 7 damage, and now have 12/27 hp.
MASSIVE DAMAGE!! (PAUSE)
The jackal closely misses you. x2
A jackal comes into view.
The jackal misses you. 😨 MP[+1] 😨 HP[+1]
The jackal bites you.
* * * LOW HITPOINT WARNING * * *
😨 HP[-3]
You take 3 damage, and now have 10/27 hp.
A jackal comes into view.
The jackal completely misses you.
The jackal barks!
You hear a shout!
The jackal bites you.
* * * LOW HITPOINT WARNING * * *
😨 HP[-1]
You take 1 damage, and now have 9/27 hp.
You open the door. The jackal closely misses you. The jackal misses you.
The jackal closely misses you. The jackal barely misses you.
There is an open door here. 😨 MP[+1]
Your mp is fully restored (8).
You open the door.
A ball python comes into view.
The jackal closely misses you. The jackal bites you.
* * * LOW HITPOINT WARNING * * *
The ball python hisses angrily.
There is an open door here. 😨 HP[-1]
You take 1 damage, and now have 8/27 hp.
The ball python closely misses you. The ball python misses you.
You see here 20 sling bullets. 😨 HP[+1]
The ball python misses you. The ball python grabs you.
The ball python constricts you.
* * * LOW HITPOINT WARNING * * *
😨 HP[-1]
You take 1 damage, and now have 8/27 hp.
You escape the ball python's grasp.
A rat comes into view.
The jackal barely misses you. The ball python bites you.
* * * LOW HITPOINT WARNING * * *
The ball python grabs you.
The ball python constricts you. 😱 HP[-3]
You take 3 damage, and now have 5/27 hp.
You escape the ball python's grasp.
Found a stone staircase leading down.
The ball python barely misses you. The ball python grabs you.
The ball python constricts you.
* * * LOW HITPOINT WARNING * * *
There is a stone staircase leading down here.
You escape the ball python's grasp.
You climb downwards.
Reactivating autopickup.
There is a stone staircase leading up here.
The ball python closely misses you. The ball python misses you. x2
The ball python grabs you. The ball python constricts you.
* * * LOW HITPOINT WARNING * * *
😱 HP[-1]
You take 1 damage, and now have 4/27 hp.
The ball python's grasp on you weakens, but your attempt to escape fails.
The jackal misses you. The jackal closely misses you.
The ball python bites you.
* * * LOW HITPOINT WARNING * * *
The ball python constricts you.
* * * LOW HITPOINT WARNING * * *
😱 HP[-3]
You take 3 damage, and now have 1/27 hp.
You escape the ball python's grasp.
The jackal misses you.
There is a stone staircase leading up here.
The jackal bites you.
You die...

Skill      XL: |  1  2  3  4 |
---------------+-------------+-----
Stealth        | 3 |  3.1
Conjurations   | 5 |  5.0
Dodging        | |  2.1
Spellcasting   | |  2.7

Action                   |  1- 3 |  4- 6 || total
-------------------------+-------+-------++-------
Melee: Dagger            |     4 |       ||     4
       Punch             |     1 |       ||     1
 Cast: Magic Dart        |    47 |     2 ||    49
       Searing Ray       |     6 |     2 ||     8
Armor: Skin              |     2 |       ||     2
Dodge: Dodged            |     2 |    23 ||    25

Levels and vault maps discovered:
D:1:      dpeg_arrival_boxorama, layout_basic
D:2:      layout_basic, serial_shops, nicolae_shop_behind_doors,
          dilly_ecumenical_altar_fadedgnrine, palyth_stone_intersect
D:3:      layout_basic, uniq_terence, uniq_grinder, uniq_sigmund, uniq_ijyb
D:4:      layout_rooms, marbit_many_paths, serial_shops, shop

Notes
Turn   | Place    | Note
-------+----------+-------------------------------------------
     0 | D:1      | mortz the Octopode Conjurer began the quest for the Orb.
     0 | D:1      | Reached XP level 1. HP: 11/11 MP: 3/3
     0 | D:1      | magus.rc [v1.9.6]
     8 | D:1      | You pick up a book of Minor Magic and begin reading...
     8 | D:1      | You add the spells Call Imp and Mephitic Cloud to your
                  | library.
   199 | D:1      | Reached XP level 2. HP: 17/17 MP: 1/5
   254 | D:1      | Learned a level 2 spell: Searing Ray
   905 | D:2      | Reached XP level 3. HP: 21/21 MP: 1/6
  1252 | D:2      | Reached skill level 3 in Stealth
  1295 | D:2      | You pick up a book of Iron and begin reading...
  1295 | D:2      | You add the spells Blade Hands and Iron Shot to your
                  | library.
  1362 | D:2      | Found Xutittet's Assorted Antiques.
  1365 | D:2      | Bought a scroll labelled VUAV PERIUBU for 27 gold pieces
  1365 | D:2      | Bought a scroll labelled QARITI PANYUJUC for 27 gold pieces
  1365 | D:2      | Bought a scroll labelled SIROJEWKOGG for 27 gold pieces
  1638 | D:2      | Reached XP level 4. HP: 27/27 MP: 3/8
  1719 | D:2      | Reached skill level 5 in Conjurations
  1837 | D:2      | You fall into a shaft and drop 2 floors!
  1871 | D:3      | Noticed Terence
  1877 | D:3      | Noticed Sigmund
  1905 | D:3      | HP: 5/27 [ball python (3)]
  1912 | D:3      | HP: 5/27 [constriction (1)]
  1916 | D:4      | HP: 2/27 [ball python (2)]
  1919 | D:4      | Slain by a jackal

Vanquished Creatures
  4 adders (D:2)
  A worm (D:2)
  2 dart slugs (D:1)
  3 endoplasms
  A giant cockroach (D:2)
  3 goblins
  2 hobgoblins
  2 jackals (D:3)
  3 kobolds
  A quokka (D:2)
  2 ball pythons (D:2)
  3 bats
  3 frilled lizards
  A rat (D:1)
31 creatures vanquished.

Table legend:
 A = Non-vault XP
 B = Vault XP
 C = Vault XP percentage of total XP
 D = Non-vault monster count
 E = Vault monster count
 F = Vault count percentage of total count
                 A         B        C        D         E       F
            +---------+---------+-------+---------+---------+-------
      Total |     105 |       0 |   0.0 |      31 |       0 |   0.0
            +---------+---------+-------+---------+---------+-------
        D:1 |      26 |       0 |   0.0 |      13 |       0 |   0.0
        D:2 |      75 |       0 |   0.0 |      16 |       0 |   0.0
        D:3 |       4 |       0 |   0.0 |       2 |       0 |   0.0
            +---------+---------+-------+---------+---------+-------

Illustrated notes

Table legend:
 A = Kills in this place as a percentage of kills in entire the game.
 B = Kills by you in this place as a percentage of kills by you in the entire game.
 C = Kills by friends in this place as a percentage of kills by friends in the entire game.
 D = Other kills in this place as a percentage of other kills in the entire game.
 E = Experience gained in this place as a percentage of experience gained in the entire game.
 F = Experience gained in this place divided by the number of levels of this place that you have seen.
                   A       B       C       D       E      F
               +-------+-------+-------+-------+-------+----------------------
         Total | 100.0 | 100.0 |   N/A |   N/A | 100.0 |  26.2
       Dungeon | 100.0 | 100.0 |   N/A |   N/A | 100.0 |  26.2
               +-------+-------+-------+-------+-------+----------------------

Table legend: (Time is in decaauts)
 A = Elapsed time spent in this place.
 B = Non-inter-level travel time spent in this place.
 C = Inter-level travel time spent in this place.
 D = Time resting spent in this place.
 E = Time spent auto-exploring this place.
 F = Levels seen in this place.
 G = Mean time per level.
                   A        B        C        D        E       F      G
               +--------+--------+--------+--------+--------+-----+--------+
         Total |   1918 |   1887 |     31 |    276 |   1375 |   4 |  479.5 |
       Dungeon |   1918 |   1887 |     31 |    276 |   1375 |   4 |  479.5 |
               +--------+--------+--------+--------+--------+-----+--------+

Top non-repeatable levels by time:
     D:2: 939 daAuts
     D:1: 896 daAuts
     D:3: 65 daAuts
     D:4: 16 daAuts
